 Dungeon Crawl Stone Soup version 0.29-a0-113-g078de9bc30 (webtiles) character file.

Game seed: 9723651002241301891

28388 hellse the Eclecticist (level 13, -4/80 HPs)
             Began as a Deep Elf Earth Elementalist on Feb 19, 2022.
             Was a High Priest of Vehumet.
             Slain by a skeletal warrior (8 damage)
             ... in a volcano.
             The game lasted 00:34:33 (18250 turns).

hellse the Eclecticist (DEEE)                      Turns: 18250, Time: 00:34:33

Health: -4/80      AC: 12    Str:  5    XL:     13   Next: 9%
Magic:  14/35      EV: 15    Int: 32    God:    Vehumet [*****.]
Gold:   941        SH:  5    Dex: 15    Spells: 26/45 levels left

rFire   . . .      SeeInvis .   I - staff of conjuration
rCold   . . .      Faith    +   B - +0 buckler
rNeg    . . .      Spirit   .   Q - +0 steam dragon scales
rPois   .          Reflect  .   C - +1 helmet
rElec   .          Harm     .   (no cloak)
rCorr   .          Rampage  .   p - +0 pair of gloves
Will    ++...                   l - +2 pair of boots
Stlth   ++........              v - amulet of faith
HPRegen 0.23/turn               A - ring of willpower
MPRegen 0.24/turn               b - +6 ring of intelligence

@: no status effects
A: no striking features
a: Renounce Religion


You were in a volcano.
You worshipped Vehumet.
Vehumet was extremely pleased with you.
You visited 3 branches of the dungeon, and saw 16 of its levels.
You also visited: Ice Cave and Volcano.

You collected 977 gold pieces.
You spent 36 gold pieces at shops.

Inventory:

Hand Weapons
 h - a +0 dagger
 j - a +2 dagger of speed
 r - a +2 dagger of flaming
 J - a +2 whip of flaming
 P - a +1 dagger of venom
Missiles
 c - 149 stones
 K - 4 throwing nets
Armour
 l - a +2 pair of boots (worn)
 p - a +0 pair of gloves (worn)
 B - a +0 buckler (worn)
 C - a +1 helmet (worn)
 Q - +0 steam dragon scales (worn)
Magical Staves
 e - a staff of earth
 H - a staff of air
 I - a staff of conjuration (weapon)
Jewellery
 b - a +6 ring of intelligence (right hand)
 v - an amulet of faith (around neck)
 A - a ring of willpower (left hand)
 L - a ring of ice
 O - a ring of poison resistance
 T - the amulet of Equilibrium {RegenMP rElec Int+4}
   (You found it in an ice cave)

   [amulet of magic regeneration]

   It increases your rate of magic regeneration.
   Int:       It affects your intelligence (+4).
   rElec:     It insulates you from electricity.
 V - a ring of see invisible
Wands
 s - a wand of iceblast (5)
 u - a wand of polymorph (2)
 z - a wand of mindburst (9)
 E - a wand of flame (5)
 F - a wand of digging (6)
Scrolls
 a - 6 scrolls of enchant armour
 g - 4 scrolls of vulnerability
 i - a scroll of immolation
 m - a scroll of teleportation
 n - 3 scrolls of amnesia
 o - 2 scrolls of enchant weapon
 q - a scroll of noise
 D - a scroll of holy word
 G - 3 scrolls of blinking
 M - a scroll of magic mapping
 W - a scroll of torment
Potions
 d - 2 potions of invisibility
 f - 5 potions of flight
 k - 11 potions of curing
 t - 2 potions of ambrosia
 w - a potion of resistance
 x - a potion of magic
 N - a potion of brilliance
 U - a potion of might {unknown}
 X - 3 potions of heal wounds


   Skills:
 - Level 8.9 Fighting
 - Level 3.9 Armour
 - Level 7.3 Dodging
 - Level 2.4 Stealth
 - Level 3.1 Shields
 - Level 16.5 Spellcasting
 + Level 8.8 Conjurations
 - Level 1.1 Transmutations
 + Level 7.6 Fire Magic
 - Level 8.3 Earth Magic


You had 26 spell levels left.
You knew the following spells:

 Your Spells              Type           Power      Damage    Failure   Level
a - Sandblast             Erth           100%       2d20      1%          1
b - Stone Arrow           Conj/Erth      100%       3d13      1%          3
c - Mephitic Cloud        Conj/Pois/Air  61%        N/A       1%          3
d - Magic Dart            Conj           100%       1d8       1%          1
e - Ignite Poison         Fire/Tmut/Pois 45%        N/A       1%          3
f - Sticky Flame          Conj/Fire      87%        2d10      1%          4
g - Flame Wave            Conj/Fire      87%        2d15      1%          4

Your spell library contained the following spells:

 Spells                   Type           Power      Damage    Failure   Level
 Animate Skeleton         Necr           52%        N/A       1%          1
 Apportation              Tloc           52%        N/A       1%          1
 Summon Small Mammal      Summ           100%       N/A       1%          1
 Passwall                 Tmut/Erth      45%        N/A       1%          2
 Call Imp                 Summ           26%        N/A       3%          2
 Leda's Liquefaction      Hex/Erth       26%        N/A       3%          4
 Petrify                  Tmut/Erth      54%        N/A       3%          4
 Call Canine Familiar     Summ           26%        N/A       6%          3
 Portal Projectile        Hex/Tloc       52%        N/A       6%          3
 Tukima's Dance           Hex            26%        N/A       6%          3
 Yara's Violent Unravell  Hex/Tmut       14%        3d7       12%         5
 Cause Fear               Hex            13%        N/A       21%         4
 Passage of Golubria      Tloc           26%        N/A       21%         4
 Blade Hands              Tmut           16%        N/A       36%         5
 Excruciating Wounds      Necr           13%        N/A       50%         5
 Dragon Form              Tmut           16%        N/A       100%        7
 Dragon's Call            Summ           13%        N/A       100%        9


Dungeon Overview and Level Annotations

Branches:
Dungeon (11/15)            Temple (1/1) D:6            Lair (4/6) D:8
  Swamp (0/4) Lair:3          Orc (0/2) D:9           IceCv (visited)
Volcano (1/1)
  Snake: Lair:2-4    Spider: Lair:2-4

Altars:
Ashenzari
Cheibriados
Dithmenos
Elyvilon
Fedhas
Gozag
Hepliaklqana
Kikubaaqudgha
Makhleb
Nemelex Xobeh
Okawaru
Qazlal
Ru
Sif Muna
Trog
Uskayaw
Vehumet
Wu Jian
Xom
Yredelemnul
Zin
The Shining One

Shops:
D:3 ([(!   D:5 (   D:6 (

Annotations:
D:7 centaur warrior, ugly thing, exclusion: downstairs
Lair:3 3 runed translucent doors, Gastronok; Vuburch's ghost, journeyman NaTm


Message History

You feel a surge of power!
The stone arrow hits the skeletal warrior!
The skeletal warrior is lightly damaged.
Casting: Stone Arrow (safe; 1% risk of failure)
Confirm with . or Enter, or press ? or * to list all spells.
Aiming: Stone Arrow (safe; 1% risk of failure)
Press: ? - help, Shift-Dir - straight line, f/p - skeletal warrior
Aim: a skeletal warrior, wielding a +1 great sword of flaming (lightly damaged, 78% to hit)
You feel a surge of power!
The stone arrow hits the skeletal warrior!
The skeletal warrior is moderately damaged.
Casting: Stone Arrow (safe; 1% risk of failure)
Confirm with . or Enter, or press ? or * to list all spells.
Aiming: Stone Arrow (safe; 1% risk of failure)
Press: ? - help, Shift-Dir - straight line, f/p - skeletal warrior
Aim: a skeletal warrior, wielding a +1 great sword of flaming (moderately damaged, 78% to hit)
You feel a surge of power!
The stone arrow hits the skeletal warrior!
The skeletal warrior is heavily damaged.
Casting: Stone Arrow (safe; 1% risk of failure)
Confirm with . or Enter, or press ? or * to list all spells.
Casting: Flame Wave (safe; 1% risk of failure)
Press: ? - help, Dir - look around, f - activate You feel a surge of power!
A wave of flame ripples out! (Press . to intensify the flame waves.) Unknown command.
A wave of flame ripples out!
The flame wave engulfs the skeletal warrior.
The skeletal warrior is heavily damaged.
The skeletal warrior hits you with a +1 great sword of flaming!!
The skeletal warrior burns you!
Unknown command.
Unknown command.
A wave of flame ripples out!
The flame wave engulfs the skeletal warrior!
The skeletal warrior is severely damaged.
The skeletal warrior hits you with a +1 great sword of flaming!!
* * * LOW HITPOINT WARNING * * *
The skeletal warrior burns you!
You die...

..# .. #.##.# .+
#.##.# .# #.##.##
###'# ......###
#...# ........
#...# .#..#.# ...
......# ######z##
.#..#.#####...#.@.#
..............'...#
......#####...#...#
#.∩.### #########
#...# #####


You could see a skeletal warrior.

Vanquished Creatures
  A hydra (Lair:3)
  A centaur warrior (D:9)
  Harold (D:7)
  A two-headed ogre (D:8)
  Pikel (D:7)
  5 elephants (Lair:2)
  2 ugly things (IceCv)
  A black mamba (Lair:3)
  7 cane toads
  3 ice statues (IceCv)
  4 rime drakes
  4 gargoyles
  Maggie (D:7)
  4 komodo dragons
  A troll (D:9)
  A tyrant leech (Lair:3)
  A harpy skeleton (Volcano)
  A hornet (D:7)
  Prince Ribbit (D:6)
  8 blink frogs (Lair:1)
  2 dire elephant simulacra (IceCv)
  A shadow (D:10)
  2 flying skulls (Volcano)
  3 alligator skeletons (Volcano)
  27 yaks
  2 steam dragons
  A wyvern (D:7)
  5 basilisks
  4 death yak simulacra (IceCv)
  2 vampire mosquitoes (D:10)
  14 water moccasins
  4 orc warriors
  3 black bears
  An ice beast (D:5)
  2 sky beasts
  2 hornet zombies
  3 necrophages
  3 ogres
  2 centaurs
  2 phantoms
  A lemure (D:7)
  A kobold brigand (D:8)
  9 bullfrogs
  A gnoll sergeant (D:9)
  2 wyvern zombies
  A cane toad simulacrum (IceCv)
  4 scorpions
  A water moccasin skeleton (D:6)
  3 howler monkeys (D:9)
  A troll skeleton (Volcano)
  3 spriggan skeletons (Volcano)
  5 centaur zombies
  3 hounds
  A bullfrog zombie (D:7)
  2 jellies
  7 orc priests
  2 bullfrog skeletons
  A gnoll shaman (D:5)
  5 iguanas
  2 orc wizards
  2 wolf simulacra (IceCv)
  A naga skeleton (Volcano)
  4 howler monkey zombies
  Robin (D:3)
  13 gnolls
  9 adders
  A shadow imp (D:5)
  2 white imps (D:6)
  A worm (D:5)
  3 dart slugs
  20 orcs
  7 ball pythons
  10 bats
  3 endoplasms
  2 giant cockroaches (D:1)
  9 hobgoblins
  3 quokkas
  2 frilled lizards
  12 goblins
  16 kobolds
  4 rats
314 creatures vanquished.

Vanquished Creatures (others)
  A gnoll (D:9)
  A bush (D:8)
  11 fungi
  73 plants
86 creatures vanquished.

Grand Total: 400 creatures vanquished

Notes
Turn   | Place    | Note
-------+----------+-------------------------------------------
     0 | D:1      | hellse the Deep Elf Earth Elementalist began the quest for
                  | the Orb.
     0 | D:1      | Reached XP level 1. HP: 10/10 MP: 6/6
   417 | D:1      | Reached XP level 2. HP: 15/15 MP: 6/8
  1078 | D:2      | Reached XP level 3. HP: 13/19 MP: 6/9
  1106 | D:1      | Learned a level 3 spell: Stone Arrow
  1304 | D:2      | Reached skill level 5 in Earth Magic
  1527 | D:2      | Reached XP level 4. HP: 24/24 MP: 7/10
  2164 | D:3      | Noticed Robin
  2422 | D:3      | Reached XP level 5. HP: 28/28 MP: 8/11
  2536 | D:3      | Reached skill level 4 in Spellcasting
  2657 | D:4      | Identified a scroll of acquirement
  2660 | D:4      | Acquired a staff of earth
  2807 | D:4      | Noticed an ogre
  2810 | D:4      | Killed an ogre
  2811 | D:4      | Reached skill level 5 in Spellcasting
  2811 | D:4      | Reached XP level 6. HP: 32/32 MP: 11/16
  3199 | D:4      | Learned a level 3 spell: Mephitic Cloud
  3282 | D:4      | Reached skill level 1 in Conjurations
  3524 | D:5      | Entered Level 5 of the Dungeon
  3549 | D:5      | Reached XP level 7. HP: 32/36 MP: 3/17
  3713 | D:5      | Reached skill level 6 in Spellcasting
  3744 | D:5      | Reached skill level 7 in Spellcasting
  3959 | D:5      | Found a sparkling altar of Nemelex Xobeh.
  4097 | D:5      | Found Haecoov's Weapon Shop.
  4151 | D:5      | Reached skill level 8 in Spellcasting
  4218 | D:5      | Reached XP level 8. HP: 41/41 MP: 14/22
  4221 | D:5      | Reached skill level 9 in Spellcasting
  4323 | D:5      | Reached skill level 1 in Fighting
  5459 | D:6      | Reached skill level 10 in Spellcasting
  5524 | D:6      | Noticed Prince Ribbit
  5525 | D:6      | Reached XP level 9. HP: 52/52 MP: 15/25
  5533 | D:6      | Killed Prince Ribbit
  5534 | D:6      | Reached skill level 11 in Spellcasting
  6051 | D:6      | Found a staircase to the Ecumenical Temple.
  6061 | D:6      | Found Utwedona's Weapon Shop.
  6142 | Temple   | Entered the Ecumenical Temple
  6230 | Temple   | Became a worshipper of Vehumet
  6524 | D:3      | Found Pesouzxu's Weapon Emporium.
  6530 | D:3      | Found Zyoth's Armour Shoppe.
  6588 | D:3      | Found Exeisibi's Antique Weapon Shoppe.
  6774 | D:3      | Found Qaruroeri's Distillery.
  6786 | D:3      | Bought a potion of curing for 36 gold pieces
  6839 | D:3      | Reached skill level 12 in Spellcasting
  6983 | D:3      | Killed Robin
  7360 | D:7      | Noticed Harold
  7369 | D:7      | Killed Harold
  7430 | D:7      | Noticed Pikel
  7438 | D:7      | Killed Pikel
  7439 | D:7      | Reached skill level 13 in Spellcasting
  7706 | D:7      | Reached XP level 10. HP: 56/56 MP: 12/29
  7893 | D:7      | Reached skill level 14 in Spellcasting
  7995 | D:7      | Noticed Maggie
  8003 | D:7      | Killed Maggie
  8007 | D:7      | Reached * piety under Vehumet
  8007 | D:7      | Offered knowledge of Foxfire by Vehumet.
  8550 | D:8      | Reached skill level 15 in Spellcasting
  8748 | D:8      | Noticed a two-headed ogre
  8789 | D:8      | Killed a two-headed ogre
  8790 | D:8      | Reached skill level 16 in Spellcasting
  8799 | D:8      | Reached skill level 5 in Conjurations
  8972 | D:8      | Reached ** piety under Vehumet
  8972 | D:8      | Offered knowledge of Static Discharge by Vehumet.
  9157 | D:8      | Reached XP level 11. HP: 61/61 MP: 26/33
  9320 | D:8      | Found a staircase to the Lair.
  9741 | D:8      | Noticed a white ugly thing
  9748 | D:8      | Noticed a centaur warrior
  9751 | D:8      | HP: 1/61 [centaur warrior/arrow (18)]
 10318 | D:9      | Offered knowledge of Conjure Flame by Vehumet.
 10441 | D:9      | Noticed a centaur warrior
 10449 | D:9      | Killed a centaur warrior
 10603 | D:9      | Found a staircase to the Orcish Mines.
 10633 | D:9      | Reached *** piety under Vehumet
 10962 | D:10     | Entered Level 10 of the Dungeon
 11562 | D:10     | Reached skill level 1 in Shields
 11735 | D:10     | Learned a level 1 spell: Magic Dart
 12238 | D:11     | Offered knowledge of Ignite Poison by Vehumet.
 12559 | D:11     | Noticed a boulder beetle
 12665 | Lair:1   | Entered Level 1 of the Lair of Beasts
 12762 | Lair:1   | Reached skill level 5 in Dodging
 13589 | Lair:2   | Reached **** piety under Vehumet
 13673 | Lair:2   | Learned a level 3 spell: Ignite Poison
 13750 | Lair:2   | Reached skill level 1 in Fire Magic
 13855 | Lair:2   | Reached XP level 12. HP: 67/67 MP: 24/34
 13919 | Lair:2   | You fall into a shaft and drop 1 floor!
 13961 | Lair:3   | Offered knowledge of Sticky Flame by Vehumet.
 13968 | Lair:3   | Learned a level 4 spell: Sticky Flame
 13992 | Lair:3   | Found a frozen archway.
 14101 | IceCv    | Entered an ice cave
 14113 | IceCv    | Reached skill level 5 in Fire Magic
 15900 | IceCv    | Identified the amulet of Equilibrium {RegenMP rElec Int+4}
 16005 | Lair:3   | Reached skill level 5 in Fighting
 16110 | Lair:3   | Found a runed translucent gate.
 16111 | Lair:3   | Found a runed translucent gate.
 16112 | Lair:3   | Found a runed translucent gate.
 16231 | Lair:3   | Noticed an eight-headed hydra
 16241 | Lair:3   | Killed an eight-headed hydra
 16612 | Lair:3   | Noticed Vuburch's ghost (journeyman NaTm)
 16659 | Lair:3   | Noticed Gastronok
 17694 | Lair:4   | Reached ***** piety under Vehumet
 17791 | Lair:4   | Found a dark tunnel.
 17807 | Volcano  | Entered a volcano
 17868 | Volcano  | Reached XP level 13. HP: 79/79 MP: 27/35
 17914 | Volcano  | Offered knowledge of Flame Wave by Vehumet.
 17939 | Volcano  | Learned a level 4 spell: Flame Wave
 18250 | Volcano  | HP: 4/80 [skeletal warrior (29)]
 18250 | Volcano  | Slain by a skeletal warrior

Illustrated notes

Levels and vault maps discovered:
D:1:      dpeg_arrival_shrine, layout_basic
D:2:      layout_loops_ring, minmay_cupped
D:3:      layout_basic, serial_shops, shop_statue,
          nicolae_shop_advertising_works [nicolae_subvault_shop_adworks], shop,
          shop, st_stairs_13, uniq_robin
D:4:      layout_basic
D:5:      kennysheep_spiral_hall, layout_basic, nicolae_overflow_crystal_walls,
          nicolae_stop_n_shop_1, minmay_starry_boxes
D:6:      layout_gridville, minmay_temple_entry_drinking_statues, serial_shops,
          nicolae_shop_waterfront, uniq_prince_ribbit1
D:7:      layout_basic, uniq_pikel, uniq_maggie, uniq_harold
D:8:      cheibrodos_elevator_heist, layout_rooms, minmay_lair_entry_grove
D:9:      layout_roguey, orc_0_dummy
D:10:     layout_cave_pods, kennysheep_boxes
D:11:     layout_stronghold
Temple:   compressed_dpeg_triangle_lava_temple
Lair:1:   layout_chaotic_city
Lair:2:   layout_chaotic_city, beast_lair_carwin_2, serial_bayou_shore_b
Lair:3:   layout_cellular_growth, minmay_swamp_entry_worms, gammafunk_ghost_icy,
          portal_ice_cave_rime, lemuel_fruit_tree, uniq_gastronok
Lair:4:   layout_regular_city, minmay_snake_entry_spellcaster, enter_volcano_1,
          nicolae_lair_grove_arrangements, minmay_holes,
          chequers_serial_rivers_large_a, lemuel_fruit_fields,
          serial_bayou_shore_b
Volcano:  volcano_tomb [vts_chambers]

Skill      XL: |  1  2  3  4  5  6  7  8  9 10 11 12 |
---------------+-------------------------------------+-----
Earth Magic    | 4 5 6 8 |  8.3
Spellcasting   | 5 8 10 13 16 | 16.5
Conjurations   | 4 7 8 |  8.8
Fighting       | 4 8 |  8.9
Dodging        | 3 7 |  7.3
Armour         | 3 |  3.9
Shields        | 3 |  3.1
Fire Magic     | 2 7 |  7.6
Stealth        | |  2.4
Transmutations | |  1.1

Action                   |  1- 3 |  4- 6 |  7- 9 | 10-12 | 13-15 || total
-------------------------+-------+-------+-------+-------+-------++-------
Melee: Unarmed           |    27 |       |       |       |       ||    27
       Dagger            |    35 |    46 |       |       |       ||    81
       Punch             |     1 |     3 |       |       |       ||     4
       Staff             |       |    22 |    10 |    29 |       ||    61
 Cast: Sandblast         |    27 |    28 |    10 |    67 |    16 ||   148
       Stone Arrow       |       |     4 |   101 |   319 |    16 ||   440
       Mephitic Cloud    |       |       |     4 |     9 |       ||    13
       Magic Dart        |       |       |       |    17 |       ||    17
       Sticky Flame      |       |       |       |    44 |     2 ||    46
       Flame Wave        |       |       |       |       |     2 ||     2
Evoke: Wand              |       |       |       |     7 |     1 ||     8
  Use: Scroll            |       |    11 |     4 |    11 |       ||    26
       Potion            |       |       |       |     3 |       ||     3
 Stab: Sleeping          |     2 |     1 |     2 |       |       ||     5
       Distracted        |       |       |       |     1 |       ||     1
Armor: Robe              |    21 |    31 |     8 |    19 |       ||    79
       Scale mail        |       |       |       |    23 |       ||    23
       Steam dragon scal |       |       |       |    18 |     5 ||    23
Dodge: Dodged            |    57 |    38 |     8 |    92 |     9 ||   204
Block: Buckler           |       |       |       |    21 |     8 ||    29

Table legend: (Time is in decaauts)
 A = Elapsed time spent in this place.
 B = Non-inter-level travel time spent in this place.
 C = Inter-level travel time spent in this place.
 D = Time resting spent in this place.
 E = Time spent auto-exploring this place.
 F = Levels seen in this place.
 G = Mean time per level.
                   A        B        C        D        E       F      G
               +--------+--------+--------+--------+--------+-----+--------+
         Total |  18237 |  17521 |    716 |   4391 |  10631 |  18 | 1013.2 |
       Dungeon |  12568 |  11912 |    656 |   1854 |   8629 |  11 | 1142.5 |
        Temple |    103 |     83 |     20 |      0 |     67 |   1 |  103.0 |
          Lair |   3294 |   3255 |     39 |    779 |   1893 |   4 |  823.5 |
      Ice Cave |   1828 |   1828 |      0 |   1468 |     41 |   1 | 1828.0 |
       Volcano |    442 |    442 |      0 |    290 |      0 |   1 |  442.0 |
               +--------+--------+--------+--------+--------+-----+--------+

Top non-repeatable levels by time:
   IceCv: 1828 daAuts
     D:5: 1796 daAuts
     D:8: 1352 daAuts
     D:7: 1308 daAuts
     D:1: 1241 daAuts
     D:6: 1226 daAuts
  Lair:2: 1208 daAuts
     D:2: 1115 daAuts
     D:3: 1092 daAuts
  Lair:3: 1084 daAuts
    D:10: 1034 daAuts
     D:4: 915 daAuts
  Lair:1: 859 daAuts
     D:9: 846 daAuts
    D:11: 639 daAuts
